 Dungeon Sprint DCSS version 0.30-a0-883-g5ad918d77d (webtiles) character file.

Game seed: 12643069351333327699

2200000 sircluck the Teletunneler (level 18, -70/171 HPs)
             Began as a Formicid Warper on Mar 16, 2023.
             Annihilated by a meat berserker
             ... wielding a +9 battleaxe
              (86 damage)
             ... in the Dungeon (Sprint VIII: "Arena of Blood").
             The game lasted 00:01:36 (22 turns).

sircluck the Teletunneler (Formicid Warper)           Turns: 22, Time: 00:01:38

Health: -70/171    AC:  4    Str: 25    XL:     18   Next: 47%
Magic:  7/45       EV: 20    Int: 12    God:
Gold:   0          SH:  0    Dex: 13    Spells: 63/63 levels left

rFire   . . .      SeeInvis +    h - +∞ Axe of Woe
rCold   . . .      Faith    .    (no shield)
rNeg    . . .      Spirit   .    b - +0 leather armour
rPois   .          Reflect  .    (helmet unavailable)
rElec   .          Rampage  .    (no cloak)
rCorr   .                        (no gloves)
Will    +....                    (no boots)
Stlth   +                        (no amulet)
HPRegen 0.48/turn                (no ring)
MPRegen 0.29/turn                (no ring)

@: no status effects
A: permanent stasis, dig shafts and tunnels, antennae 3, four strong arms
a: Dig


You were in the Dungeon.
You visited 1 branch

Inventory:

Hand Weapons
 a - a +0 spear
 h - the +∞ Axe of Woe (weapon)
   (You found it in the Dungeon)
Missiles
 d - 7 boomerangs of dispersal (quivered)
Armour
 b - a +0 leather armour (worn)
Scrolls
 c - 2 scrolls of blinking
Potions
 e - a potion of curing
 f - a potion of heal wounds
 g - 2 potions of magic


   Skills:
 + Level 23.2 Fighting
 + Level 23.6(26.0) Axes
 + Level 19.0(23.7) Polearms
 + Level 7.8 Throwing
 + Level 8.6 Armour
 + Level 19.2 Dodging
 + Level 23.1 Spellcasting
 O Level 27 Translocations


You had 63 spell levels left.
You didn't know any spells.
Your spell library contained the following spells:

 Spells                   Type           Power      Damage    Failure   Level
 Lesser Beckoning         Tloc           100%       N/A       0%          2
 Teleport Other           Tloc           68%        N/A       0%          3
 Manifold Assault         Tloc           68%        N/A       0%          4
 Vhi's Electric Charge    Tloc/Air       92%        N/A       1%          3
 Blink                    Tloc           Unusable   N/A       N/A         2

Dungeon Overview and Level Annotations

Branches:
Dungeon (1/1)

Altars:
Makhleb


Innate Abilities, Weirdness & Mutations

You cannot be hasted, slowed, berserked, paralysed or teleported.
You can dig through walls and to a lower floor.
You have a pair of large antennae on your head. (SInv)
Your four strong arms can wield two-handed weapons with a shield.


Message History

You hear a shout! x8
A meat berserker comes into view. It is wielding a +9 battleaxe.
You hear a shout!
Your Fighting skill increases to level 23!
Your base Axes skill increases to level 23!
Your base Polearms skill increases to level 19!
Your Dodging skill increases to level 19!
Your Spellcasting skill increases to level 23!
You hear a shout! x6
A meat berserker comes into view. It is wielding a +9 battleaxe.
You hear a shout!
A bag of meat comes into view. It is wielding a +9 war axe.
You hear a shout! x2
The meat berserker rages.
You hear a shout! x2
A bag of meat comes into view. It is wielding a +9 war axe. x2
A large bag of meat comes into view. It is wielding a +9 giant spiked club.
You hear two shouts! 3 bags of meat, a destroyer and a large bag of meat come into view.
The destroyer is wielding a +9 heavy great sword.
The large bag of meat shouts in stereo!
The bag of meat shouts! x2
The large bag of meat shouts in stereo!
You hear a shout! x13
A meat berserker comes into view. It is wielding a +9 battleaxe.
A bag of meat comes into view. It is wielding a +9 war axe. x2
You hear a shout! x2
The bag of meat moves out of view.
A meat berserker comes into view. It is wielding a +9 battleaxe.
A meat berserker, 2 bags of meat and a large bag of meat come into view.
The bag of meat shouts!
The meat berserker shouts!
The bag of meat shouts! x2
The large bag of meat shouts in stereo!
You hear a shout! x2
The meat berserker rages.
You hear a shout! x6
A meat berserker comes into view. It is wielding a +9 battleaxe.
You hear a shout! x2
The destroyer gestures at you while chanting.
The destroyer blinks!
You hear a shout! x2
The meat berserker hits you with a +9 battleaxe!!!!
Ouch! That really hurt!
You die...

....................
#.......# ..........
#.......# .....o..o.
.###.......###...O.....
......###.)o.)o.......#
......._.)))...O......
....#....)#).o....#.#..
. #_.<._#.....O......
#.....#....@.#.#.#.
....._.............O.
......###.........#.#.#
.###.. ....###....V..o
{ #.. .o..# .....Oo.OO
{{#.. ....#.......OOo.
.. ........o§.OO
....#...#.oo


You could see a destroyer, 2 large bags of meat, 8 meat berserkers and 12 bags
of meat.

Vanquished Creatures
  8 ogres (D)
  8 orcs (D)
16 creatures vanquished.

Notes
Turn   | Place    | Note
-------+----------+-------------------------------------------
     0 | D        | Found the +∞ Axe of Woe
     0 | D        | sircluck the Formicid Warper began the quest for the Orb.
     0 | D        | Reached XP level 1. HP: 16/16 MP: 3/3
     2 | D        | Noticed a bag of meat
     2 | D        | Noticed a bag of meat
     5 | D        | Noticed a bag of meat
     6 | D        | Noticed a bag of meat
     6 | D        | Noticed a meat berserker
     6 | D        | Noticed a meat berserker
     7 | D        | Killed a meat berserker
     7 | D        | Noticed a meat berserker
     7 | D        | Noticed a meat berserker
     7 | D        | Noticed a bag of meat
     8 | D        | Reached skill level 10 in Polearms
     8 | D        | Reached skill level 18 in Translocations
     8 | D        | Reached XP level 2. HP: 37/37 MP: 3/15
     8 | D        | Reached XP level 3. HP: 43/43 MP: 3/17
     8 | D        | Reached XP level 4. HP: 50/50 MP: 3/18
     8 | D        | Reached XP level 5. HP: 56/56 MP: 3/20
     8 | D        | Reached XP level 6. HP: 62/62 MP: 3/21
     8 | D        | Reached XP level 7. HP: 68/68 MP: 3/23
     8 | D        | Reached XP level 8. HP: 75/75 MP: 3/24
     8 | D        | Reached XP level 9. HP: 81/81 MP: 3/25
     8 | D        | Reached XP level 10. HP: 88/88 MP: 3/26
     8 | D        | Reached XP level 11. HP: 93/93 MP: 3/27
     8 | D        | Reached XP level 12. HP: 100/100 MP: 3/28
     8 | D        | Killed a bag of meat
     8 | D        | Killed a bag of meat
     8 | D        | Noticed a bag of meat
     8 | D        | Noticed a meat berserker
     8 | D        | Noticed a meat berserker
     9 | D        | Reached skill level 5 in Armour
     9 | D        | Reached skill level 21 in Translocations
     9 | D        | Reached XP level 13. HP: 46/111 MP: 3/31
     9 | D        | Killed a bag of meat
     9 | D        | Killed a meat berserker
    10 | D        | Reached skill level 15 in Fighting
    10 | D        | Reached skill level 5 in Throwing
    10 | D        | Reached skill level 23 in Translocations
    10 | D        | Reached XP level 14. HP: 51/123 MP: 3/34
    10 | D        | Killed a meat berserker
    10 | D        | Noticed a meat berserker
    10 | D        | Noticed a meat berserker
    10 | D        | Noticed a bag of meat
    11 | D        | Reached skill level 10 in Axes
    11 | D        | Reached skill level 25 in Translocations
    11 | D        | Reached XP level 15. HP: 55/131 MP: 3/36
    11 | D        | Killed a meat berserker
    12 | D        | Reached skill level 15 in Polearms
    12 | D        | Reached skill level 27 in Translocations
    12 | D        | Reached XP level 16. HP: 61/143 MP: 4/38
    13 | D        | Killed a meat berserker
    13 | D        | Killed a meat berserker
    14 | D        | Reached XP level 17. HP: 10/155 MP: 4/41
    15 | D        | Killed a meat berserker
    15 | D        | Killed a meat berserker
    16 | D        | Reached XP level 18. HP: 12/169 MP: 5/44
    18 | D        | Noticed a meat berserker
    18 | D        | Noticed a meat berserker
    19 | D        | Noticed a meat berserker
    20 | D        | Noticed a large bag of meat
    21 | D        | Noticed a destroyer
    21 | D        | Noticed a large bag of meat
    21 | D        | Noticed a meat berserker
    22 | D        | Noticed a meat berserker
    22 | D        | Noticed a meat berserker
    22 | D        | Noticed a large bag of meat
    22 | D        | Noticed a meat berserker
    22 | D        | Annihilated by a meat berserker

Illustrated notes

Levels and vault maps discovered:
D:        meatsprint

Skill      XL: |  1  2  3  4  5  6  7  8  9 10 11 12 13 14 15 16 17 18 |
---------------+-------------------------------------------------------+-----
Fighting       | 11 13 15 16 18 20 22 23 | 23.2
Polearms       | 10 12 13 14 15 17 18 19 | 19.0
Throwing       | 4 5 6 7 |  7.8
Armour         | 4 5 6 7 8 |  8.6
Dodging        | 9 11 12 13 14 16 18 19 | 19.2
Spellcasting   | 12 14 16 17 18 20 22 23 | 23.1
Translocations | 18 21 23 25 27 | 27.0
Axes           | 4 8 10 13 17 22 23 | 23.6

Action                     |  1- 3 |  4- 6 |  7- 9 | 10-12 | 13-15 | 16-18 || total
---------------------------+-------+-------+-------+-------+-------+-------++-------
  Melee: Executioner's axe |     1 |       |       |     1 |     3 |     5 ||    10
  Dodge: Dodged            |       |       |       |       |       |     1 ||     1

Table legend: (Time is in decaauts)
 A = Elapsed time spent in this place.
 B = Non-inter-level travel time spent in this place.
 C = Inter-level travel time spent in this place.
 D = Time resting spent in this place.
 E = Time spent auto-exploring this place.
 F = Levels seen in this place.
 G = Mean time per level.
                   A        B        C        D        E       F      G
               +--------+--------+--------+--------+--------+-----+--------+
         Total |     23 |     23 |      0 |      0 |      0 |   1 |   23.0 |
       Dungeon |     23 |     23 |      0 |      0 |      0 |   1 |   23.0 |
               +--------+--------+--------+--------+--------+-----+--------+

Top non-repeatable levels by time:
       D: 23 daAuts
